 Dungeon Crawl Stone Soup version 0.29-a0-676-ga64570c9d2 (webtiles) character file.

Game seed: 11281427841516483749

159 zeratav the Stinger (level 5, -6/35 HPs)
             Began as a Formicid Venom Mage on June 24, 2022.
             Mangled by Menkaure (8 damage)
             ... on level 4 of the Dungeon.
             The game lasted 00:07:34 (3610 turns).

zeratav the Stinger (Formicid Venom Mage)           Turns: 3610, Time: 00:07:34

Health: -6/35      AC:  3    Str: 14    XL:     5   Next: 68%
Magic:  4/8        EV: 16    Int: 21    God:
Gold:   125        SH:  0    Dex: 14    Spells: 3/8 levels left

rFire   . . .      SeeInvis +   c - +0 short sword {short}
rCold   . . .      Faith    .   (no shield)
rNeg    . . .      Spirit   .   a - +0 robe
rPois   .          Reflect  .   (helmet unavailable)
rElec   .          Harm     .   (no cloak)
rCorr   .          Rampage  .   (no gloves)
Will    .....                   k - +0 pair of boots
Stlth   ++........              (no amulet)
HPRegen 0.11/turn               o - +4 ring of evasion
MPRegen 0.11/turn               p - +6 ring of intelligence

@: no status effects
A: permanent stasis, dig shafts and tunnels, antennae 3, four strong arms
a: Dig, Shaft Self


You were on level 4 of the Dungeon.
You visited 1 branch of the dungeon, and saw 4 of its levels.

You collected 125 gold pieces.


Innate Abilities, Weirdness & Mutations

You cannot be hasted, slowed, berserked, paralysed or teleported.
You can dig through walls and to a lower floor.
You have a pair of large antennae on your head. (SInv)
Your four strong arms can wield two-handed weapons with a shield.


   Skills:
 + Level 1.4 Bows
 - Level 1.7 Dodging
 - Level 2.4 Stealth
 - Level 2.1 Spellcasting
 - Level 1.1 Transmutations
 + Level 7.3 Poison Magic


You had 3 spell levels left.
You knew the following spells:

 Your Spells              Type           Power      Damage    Failure   Level
a - Sting                 Tmut/Pois      76%        1d6       2%          1
b - Olgreb's Toxic Radia  Pois           32%        N/A       7%          4

Your spell library contained the following spells:

 Spells                   Type           Power      Damage    Failure   Level
 Poisonous Vapours        Pois/Air       34%        N/A       4%          2
 Freeze                   Ice            8%         1d3       14%         1
 Mephitic Cloud           Conj/Pois/Air  12%        N/A       16%         3
 Static Discharge         Conj/Air       2%         N/A       22%         2
 Frozen Ramparts          Ice            4%         1d2       41%         3
 Hailstorm                Conj/Ice       2%         3d3       82%         4
 Lightning Bolt           Conj/Air       1%         1d12      99%         5
 Maxwell's Capacitive Co  Air            1%         ∞         100%        8

Inventory:

Hand Weapons
 c - a +0 short sword (weapon) {short}
   (You took it off a kobold on level 1 of the Dungeon)
Armour
 a - a +0 robe (worn)
 k - a +0 pair of boots (worn)
   (You found it on level 2 of the Dungeon)
Jewellery
 o - a +4 ring of evasion (left hand)
   (You found it on level 3 of the Dungeon)
 p - a +6 ring of intelligence (right hand)
   (You found it on level 3 of the Dungeon)
Scrolls
 d - 2 scrolls of identify {unknown}
 e - a scroll of magic mapping {unknown}
 g - a scroll of enchant armour {unknown}
 h - a scroll of fear {unknown}
 l - a scroll of amnesia {unknown}
 n - a scroll of silence {unknown}
Potions
 b - a potion of magic
 f - 2 potions of mutation {unknown}
 i - 2 potions of curing {unknown}
 j - a potion of ambrosia {unknown}
 m - a potion of invisibility {unknown}

Dungeon Overview and Level Annotations

Branches:
Dungeon (4/15) Zot: 20384
 Temple: D:4-7

Altars:
Okawaru

Shops:
D:2 (

Annotations:
D:4 Menkaure

########......
#.............
#......#......
#####..†...#......
#####_.........#.#####
#...#####†.......###
#...### #......#...#
#.....###......#.#.###
#..@M##......#......
##.#..†.######....##
###.##....# #.##.#
#...##..(.## #.##.##
#.)........# ##.##..:
#...##...#...........
#...##...##....(.###.
#.................J..
#####.......#.###...<


You could see Menkaure (fast).


Message History

Your hp is fully restored (35).
MP[+1]
Your mp is fully restored (8).
A hound comes into view.
Menkaure, Prince of Dust comes into view.
Menkaure shouts!
Casting: Sting (safe; 2% risk of failure)
Confirm with . or Enter, or press ? or * to list all spells.
The spell is quite dangerous to miscast (8% risk of failure)!
Continue anyway?
You begin to radiate toxic energy.
The hound barks!
The hound is poisoned.
MP[-4]
You lost 4 mp, and now have 4/8 mp.
Your toxic aura wanes.
Casting: Olgreb's Toxic Radiance (quite dangerous; 8% risk of failure)
Confirm with . or Enter, or press ? or * to list all spells.
Aiming: Sting (safe; 2% risk of failure)
Press: ? - help, Shift-Dir - straight line, f - hound
Aim: a hound (moderately wounded, poisoned, 64% to hit)
The sting misses the hound.
The hound closely misses you.
MP[-1]
You lost 1 mp, and now have 3/8 mp.
The hound bites you but does no damage.
Casting: Sting (safe; 2% risk of failure)
Confirm with . or Enter, or press ? or * to list all spells.
Aiming: Sting (safe; 2% risk of failure)
Press: ? - help, Shift-Dir - straight line, f/p - hound
Aim: a hound (heavily wounded, poisoned, 64% to hit)
The sting misses the hound.
The hound closely misses you.
MP[-1]
You lost 1 mp, and now have 2/8 mp.
The hound bites you.
HP[-2]
You take 2 damage, and now have 33/35 hp.
The hound looks more healthy.
Menkaure mumbles some strange words.
Menkaure seems to speed up.
You hit the hound. The hound bites you. The hound bites you but does no damage.
HP[-3]
You take 3 damage, and now have 30/35 hp.
MP[+1]
The hound misses you.
The hound stops to sniff the ground.
The hound bites you.
HP[-5]
You take 5 damage, and now have 25/35 hp.
The hound pauses to sniff the ground.
The hound barely misses you.
Casting: Sting (safe; 2% risk of failure)
Confirm with . or Enter, or press ? or * to list all spells.
You don't have enough magic to cast this spell.
The hound attacks as you move away! The hound misses you.
The hound completely misses you.
HP[+1]
The hound attacks as you move away! The hound misses you.
The hound barely misses you.
MP[+1]
The hound attacks as you move away! The hound misses you.
The hound bites you but does no damage.
Casting: Sting (safe; 2% risk of failure)
Confirm with . or Enter, or press ? or * to list all spells.
Aiming: Sting (safe; 2% risk of failure)
Press: ? - help, Shift-Dir - straight line, f/p - hound
Aim: a hound (almost dead, 64% to hit)
The sting hits the hound.
The hound is poisoned.
You kill the hound!
Menkaure's bandages flutter.
MP[-1]
You lost 1 mp, and now have 3/8 mp.
Menkaure attacks as you move away! Menkaure barely misses you.
Menkaure calls on the powers of darkness!
Your body is wracked with pain!
* * * LOW HITPOINT WARNING * * *
There is a stone staircase leading up here.
HP[-12]
You take 12 damage, and now have 14/35 hp.
MASSIVE DAMAGE!! (PAUSE)
You hit Menkaure but do no damage. Menkaure hits you.
* * * LOW HITPOINT WARNING * * *
HP[-3]
You take 3 damage, and now have 11/35 hp.
You hit Menkaure. Menkaure barely misses you.
You barely miss Menkaure. Menkaure hits you!
* * * LOW HITPOINT WARNING * * *
Menkaure closely misses you.
HP[-9] MP[+1]
You take 9 damage, and now have 2/35 hp.
MASSIVE DAMAGE!! (PAUSE)
You barely miss Menkaure. Menkaure misses you.
You hit Menkaure but do no damage. Menkaure barely misses you.
You barely miss Menkaure. Menkaure closely misses you.
Menkaure points at you and mumbles some strange words.
You struggle to resist.
You hit Menkaure but do no damage. Menkaure misses you.
You hit Menkaure.
Menkaure calls on the powers of darkness!
You feel a surge of unholy energy.
You hit Menkaure. You punch Menkaure. Menkaure hits you!
You die...

Skill      XL: |  1  2  3  4  5 |
---------------+----------------+-----
Poison Magic   | 5 6 7 |  7.3
Bows           | 1 |  1.4
Dodging        | |  1.7
Stealth        | |  2.4
Spellcasting   | |  2.1
Transmutations | |  1.1

Action                   |  1- 3 |  4- 6 || total
-------------------------+-------+-------++-------
Melee: Short sword       |    20 |    23 ||    43
       Punch             |       |     1 ||     1
 Cast: Sting             |    57 |    59 ||   116
       Olgreb's Toxic Ra |       |     1 ||     1
 Abil: Dig               |       |     1 ||     1
 Stab: Sleeping          |       |     2 ||     2
Armor: Robe              |     7 |     7 ||    14
Dodge: Dodged            |    41 |    39 ||    80

Levels and vault maps discovered:
D:1:      nzn_arrival_crosshair, layout_basic,
          dilly_ecumenical_altar_fadedgnrine
D:2:      layout_loops_ring, serial_shops, nicolae_shop_hallway_stairs,
          uniq_jessica
D:3:      layout_basic
D:4:      layout_rooms, grunt_temple_overflow_open, overflow_temple_1_default,
          minmay_liquid_box, uniq_menkaure

Notes
Turn   | Place    | Note
-------+----------+-------------------------------------------
     0 | D:1      | zeratav the Formicid Venom Mage began the quest for the
                  | Orb.
     0 | D:1      | Reached XP level 1. HP: 13/13 MP: 3/3
     0 | D:1      | magus.rc [v1.9.6]
   498 | D:1      | Reached XP level 2. HP: 15/19 MP: 0/5
   957 | D:1      | Found a faded altar of an unknown god.
  1068 | D:1      | Reached skill level 5 in Poison Magic
  1240 | D:2      | Reached XP level 3. HP: 23/24 MP: 1/6
  1620 | D:2      | You pick up a book of Lightning and begin reading...
  1620 | D:2      | You add the spells Static Discharge, Lightning Bolt and
                  | Maxwell's Capacitive Coupling to your library.
  1633 | D:2      | Noticed Jessica
  1650 | D:2      | Killed Jessica
  1651 | D:2      | Reached skill level 6 in Poison Magic
  1651 | D:2      | Reached XP level 4. HP: 17/30 MP: 0/7
  1778 | D:2      | Learned a level 4 spell: Olgreb's Toxic Radiance
  2180 | D:2      | Found Semp's Weapon Emporium.
  2402 | D:3      | You pick up a book of Frost and begin reading...
  2402 | D:3      | You add the spells Freeze, Frozen Ramparts and Hailstorm to
                  | your library.
  2666 | D:3      | Reached XP level 5. HP: 35/35 MP: 4/8
  3111 | D:3      | Reached skill level 7 in Poison Magic
  3358 | D:4      | Noticed a water moccasin
  3476 | D:4      | Reached skill level 1 in Bows
  3494 | D:4      | Found an iron altar of Okawaru.
  3572 | D:4      | Noticed Menkaure
  3604 | D:4      | HP: 2/35 [Menkaure (10)]
  3610 | D:4      | Mangled by Menkaure

Vanquished Creatures
  A hound (D:4)
  Jessica (D:2)
  3 adders
  2 dart slugs (D:3)
  5 orcs (D:3)
  9 ball pythons
  2 endoplasms
  2 giant cockroaches
  3 goblins
  A hobgoblin (D:2)
  4 jackals (D:2)
  7 quokkas
  6 bats
  4 frilled lizards
  12 kobolds
  2 rats (D:2)
64 creatures vanquished.

Vanquished Creatures (others)
  12 plants (D:1)
12 creatures vanquished.

Grand Total: 76 creatures vanquished

Table legend:
 A = Non-vault XP
 B = Vault XP
 C = Vault XP percentage of total XP
 D = Non-vault monster count
 E = Vault monster count
 F = Vault count percentage of total count
                 A         B        C        D         E       F
            +---------+---------+-------+---------+---------+-------
      Total |     191 |      37 |  16.2 |      63 |       1 |   1.6
            +---------+---------+-------+---------+---------+-------
        D:1 |      19 |       0 |   0.0 |      12 |       0 |   0.0
        D:2 |      52 |      37 |  41.6 |      24 |       1 |   4.0
        D:3 |      55 |       0 |   0.0 |      20 |       0 |   0.0
        D:4 |      65 |       0 |   0.0 |       7 |       0 |   0.0
            +---------+---------+-------+---------+---------+-------

Illustrated notes

Table legend:
 A = Kills in this place as a percentage of kills in entire the game.
 B = Kills by you in this place as a percentage of kills by you in the entire game.
 C = Kills by friends in this place as a percentage of kills by friends in the entire game.
 D = Other kills in this place as a percentage of other kills in the entire game.
 E = Experience gained in this place as a percentage of experience gained in the entire game.
 F = Experience gained in this place divided by the number of levels of this place that you have seen.
                   A       B       C       D       E      F
               +-------+-------+-------+-------+-------+----------------------
         Total | 100.0 | 100.0 |   N/A |   N/A | 100.0 |  57.0
       Dungeon | 100.0 | 100.0 |   N/A |   N/A | 100.0 |  57.0
               +-------+-------+-------+-------+-------+----------------------

Table legend: (Time is in decaauts)
 A = Elapsed time spent in this place.
 B = Non-inter-level travel time spent in this place.
 C = Inter-level travel time spent in this place.
 D = Time resting spent in this place.
 E = Time spent auto-exploring this place.
 F = Levels seen in this place.
 G = Mean time per level.
                   A        B        C        D        E       F      G
               +--------+--------+--------+--------+--------+-----+--------+
         Total |   3614 |   3383 |    231 |    611 |   2156 |   4 |  903.5 |
       Dungeon |   3614 |   3383 |    231 |    611 |   2156 |   4 |  903.5 |
               +--------+--------+--------+--------+--------+-----+--------+

Top non-repeatable levels by time:
     D:2: 1334 daAuts
     D:1: 1136 daAuts
     D:3: 997 daAuts
     D:4: 145 daAuts
